 Dungeon Crawl Stone Soup version 0.23-a0-171-g5ae17c6 (webtiles) character file.

123 Ijustatesigmund the Chopper (level 5, -1/36 HPs)
             Began as an Octopode Gladiator on Sept 13, 2018.
             Killed from afar by an orc wizard (7 damage)
             ... with a puff of flame
             ... on level 3 of the Dungeon.
             The game lasted 00:03:45 (1811 turns).

Ijustatesigmund the Chopper (Octopode Gladiator)    Turns: 1811, Time: 00:03:47

Health: -1/36      AC:  1    Str: 18    XL:     5   Next: 7%
Magic:  5/5        EV: 14    Int: 10    God:
Gold:   145        SH:  0    Dex: 15    Spells: 4/4 levels left

rFire    . . .     SeeInvis .   a - +2 war axe
rCold    . . .     Gourm    .   (no shield)
rNeg     . . .     Faith    .   b - +0 hat
rPois    .         Spirit   .   (no amulet)
rElec    .         Reflect  .   f - ring of stealth
rCorr    .         Harm     .   l - ring of wizardry
MR       .....                  (no ring)
Stlth    ++++......             (no ring)
HPRegen  0.12/turn              (no ring)
MPRegen  0.09/turn              (no ring)
                                (no ring)
                                (no ring)

@: mighty, berserk cooldown, slowed, very slow
A: almost no armour, stealthy swim, amphibious, 8 rings, constrict 8, camouflage
1, gelatinous body 1
a: no special abilities


You were on level 3 of the Dungeon.
You were not hungry.

You visited 1 branch of the dungeon, and saw 3 of its levels.

You collected 145 gold pieces.

Inventory:

Hand Weapons
 a - a +2 war axe (weapon)
Missiles
 e - a throwing net (quivered)
Armour
 b - a +0 hat (worn)
Jewellery
 f - a ring of stealth (left tentacle)
 j - an uncursed ring of ice
 l - a ring of wizardry (right tentacle)
Scrolls
 i - a scroll of noise {unknown}
 k - a scroll of teleportation
 n - 2 scrolls of remove curse
 o - a scroll of amnesia
Potions
 c - a potion of brilliance
 g - a potion of lignification
Comestibles
 d - 2 rations


   Skills:
 - Level 3.0 Fighting
 + Level 4.4 Axes
 - Level 2.0 Throwing
 - Level 3.0 Dodging
 + Level 3.1 Stealth


You had 4 spell levels left.
You didn't know any spells.
Your spell library was empty.

Dungeon Overview and Level Annotations

Branches:
Dungeon (3/15)

Altars:
Okawaru


Innate Abilities, Weirdness & Mutations

You cannot wear most types of armour.
You are very stealthy in the water. (Stealth+)
You are amphibious.
You can wear up to eight rings at the same time.
You can use your tentacles to constrict eight enemies at once.
Your skin changes colour to match your surroundings (Stealth+).
Your rubbery body absorbs attacks. (AC +1, EV +1)


Message History

You barely miss something. You miss the kobold.
You hear some strange, mumbled words.
Something tries to affect you, but you resist.
The kobold misses you.
You hear some strange, mumbled words.
A magic dart appears from out of thin air!
The magic dart hits you!
* * * LOW HITPOINT WARNING * * *
The kobold closely misses you.
You feel very mighty all of a sudden.
You feel less confused. Something hits you but does no damage.
The kobold closely misses you. Something hits you.
* * * LOW HITPOINT WARNING * * *
You slash the kobold!
You kill the kobold!
You hit something.
You hear some strange, mumbled words.
A puff of flame appears from out of thin air!
The puff of flame hits you!
You die...

#..####.##†.##
.............#
#.#########..# #.
#..# .. #..# #.
#..# #. #..# #.
#####..#######.#
#...(...(){@(...#
#.###...#########
.....#.# .##....#
#..### #.. #.. ..


There were no monsters in sight!

Vanquished Creatures
  2 adders
  A gnoll (D:1)
  A worm (D:2)
  4 dart slugs
  2 leopard geckos
  4 orcs (D:3)
  A ball python (D:1)
  6 giant cockroaches
  13 goblins
  9 hobgoblins
  5 jackals (D:1)
  2 quokkas
  4 bats
  4 frilled lizards
  5 kobolds
  10 rats
73 creatures vanquished.

Notes
Turn   | Place    | Note
-------+----------+-------------------------------------------
     0 | D:1      | Ijustatesigmund the Octopode Gladiator began the quest for
                  | the Orb.
     0 | D:1      | Reached XP level 1. HP: 14/14 MP: 1/1
    14 | D:1      | Reached XP level 2. HP: 9/20 MP: 2/2
   176 | D:1      | Reached XP level 3. HP: 19/25 MP: 3/3
   367 | D:1      | Reached skill level 1 in Stealth
   729 | D:2      | Reached skill level 4 in Axes
   729 | D:2      | Reached XP level 4. HP: 24/31 MP: 4/4
  1453 | D:2      | Found an iron altar of Okawaru.
  1796 | D:3      | Reached XP level 5. HP: 36/36 MP: 5/5
  1811 | D:3      | Killed from afar by an orc wizard

Vault maps used:
D:1:      lightli_iron_boxes
D:2:      wad_crossroads, old_standard_altar
D:3:      tgw_sif, overflow_temple_1_default, first_ration, led_xom_imps

Skill      XL: |  1  2  3  4 |
---------------+-------------+-----
Fighting       | 3 |  3.0
Stealth        | 1 3 |  3.1
Axes           | 4 |  4.4
Throwing       | |  2.0
Dodging        | |  3.0

Action                   |  1- 3 |  4- 6 || total
-------------------------+-------+-------++-------
Melee: War axe           |    57 |    51 ||   108
       Constrict         |    17 |    15 ||    32
       Tentacles         |    10 |    11 ||    21
Throw: Throwing net      |     3 |       ||     3
  Use: Scroll            |     6 |     4 ||    10
       Potion            |       |     2 ||     2
 Stab: Held in net/web   |     1 |       ||     1
       Sleeping          |       |    13 ||    13
  Eat: Chunk             |       |     3 ||     3
Armor: Skin              |     1 |     3 ||     4
Dodge: Dodged            |    45 |    32 ||    77

Table legend:
 A = Non-vault XP
 B = Vault XP
 C = Vault XP percentage of total XP
 D = Non-vault monster count
 E = Vault monster count
 F = Vault count percentage of total count
                 A         B        C        D         E       F
            +---------+---------+-------+---------+---------+-------
      Total |     171 |       6 |   3.4 |      69 |       4 |   5.5
            +---------+---------+-------+---------+---------+-------
        D:1 |      70 |       0 |   0.0 |      32 |       0 |   0.0
        D:2 |      59 |       6 |   9.2 |      23 |       4 |  14.8
        D:3 |      42 |       0 |   0.0 |      14 |       0 |   0.0
            +---------+---------+-------+---------+---------+-------
